 Dungeon Crawl Stone Soup version 0.27.0-1-g7a089689b8 (webtiles) character file.

Game seed: 17849826391824710074

8 sanka the Ruffian (level 2, 0/25 HPs)
             Began as a Naga Transmuter on Aug 8, 2021.
             Slain by a bat (1 damage)
             ... on level 1 of the Dungeon.
             The game lasted 00:00:52 (400 turns).

sanka the Ruffian (Naga Transmuter)                  Turns: 400, Time: 00:00:53

Health: 0/25       AC:  1    Str: 12    XL:     2   Next: 8%
Magic:  5/5        EV:  9    Int: 13    God:
Gold:   12         SH:  0    Dex:  9    Spells: 4/5 levels left

rFire    . . .     SeeInvis +     - Unarmed
rCold    . . .     Faith    .   (no shield)
rNeg     . . .     Spirit   .   a - +0 robe
rPois    +         Reflect  .   (no helmet)
rElec    .         Harm     .   (no cloak)
rCorr    .         Rampage  .   (no gloves)
Will     .....                  (no barding)
Stlth    +.........             (no amulet)
HPRegen  0.08/turn              (no ring)
MPRegen  0.09/turn              (no ring)

@: very slow
A: AC +0, large, see invisible, deformed body, poison resistance, slowness 2,
spit poison 1, naga tail 1, clumsy 1, sense surroundings 1
a: Spit Poison


You were on level 1 of the Dungeon.
You visited 1 branch of the dungeon, and saw 1 of its levels.

You collected 12 gold pieces.


Innate Abilities, Weirdness & Mutations

Your serpentine skin is tough. (AC +0)
You have supernaturally acute eyesight. (SInv)
Armour fits poorly on your strangely shaped body.
Your system is resistant to poisons. (rPois)
You cover ground very slowly.
You can spit poison.
You have a snake-like lower body.
You are clumsy. (Dex -2)
You passively map a small area around you.


   Skills:
 - Level 1.0 Fighting
 - Level 1.5 Dodging
 - Level 3.0 Unarmed Combat
 - Level 2.0 Spellcasting
 + Level 2.3 Transmutations
 + Level 1.5 Poison Magic


You had 4 spell levels left.
You knew the following spells:

 Your Spells              Type           Power      Damage    Failure   Level
z - Beastly Appendage     Tmut           14%        N/A       10%         1

Your spell library contained the following spells:

 Spells                   Type           Power      Damage    Failure   Level
 Wereblood                Tmut           7%         N/A       14%         2
 Spider Form              Tmut/Pois      3%         N/A       34%         3
 Ice Form                 Ice/Tmut       4%         N/A       83%         4

Inventory:

Armour
 a - a +0 robe (worn)
 c - a +1 pair of gloves

Dungeon Overview and Level Annotations

Branches:
Dungeon (1/15)

Altars:

, , ▒▒▒▒▒ , , ....▒▒ ░
, ....▒ ░ ,
....▒▒▒▒▒▒▒▒▒ ░ ░ ░
▒............ , ▒▒▒▒.▒
▒..▒▒▒▒▒▒
▒.▒▒▒▒▒▒..).▒▒▒▒.▒▒▒▒▒▒
▒....bNggg.g...........
▒▒..▒▒▒▒.▒▒▒▒▒▒▒....▒▒.
▒ ░ ▒..▒ ▒▒▒▒.... ....▒
▒▒▒.. ░▒▒▒.... ▒.. ░
▒▒... ▒▒.. ░ ░▒▒.▒ ▒...
░ .▒ ▒.▒. ░ .>gg..g?▒.


You could see 4 hobgoblins and a bat.


Message History

You fail to use your ability.
A hobgoblin comes into view.
The hobgoblin barely misses you.
A kobold comes into view. It is wielding a +0 club.
Use which ability? (? or * to list)
Aim: a kobold, wielding a +0 club and quivering stones (wandering, hasn't noticed you)
The splash of poison hits the kobold!
You kill the kobold!
The hobgoblin hits you.
* * * LOW HITPOINT WARNING * * *
Unknown command.
Your horns disappear.
The hobgoblin shouts!
The hobgoblin barely misses you.
You have got your breath back.
There is a shaft here.
The hobgoblin hits you.
* * * LOW HITPOINT WARNING * * *
A bat comes into view.
The kobold falls through a shaft!
The shaft crumbles and collapses.
The hobgoblin hits you.
* * * LOW HITPOINT WARNING * * *
The hobgoblin closely misses you.
It was a potion of mutation.
You feel extremely strange.
You feel a strange attunement to the structure of the dungeons.
You feel clumsy. The bat hits you.
You die...

Action                   || total
-------------------------++-------
Melee: Unarmed           ||     1
 Cast: Beastly Appendage ||     1
 Abil: Spit Poison       ||     7
  Use: Potion            ||     1
Dodge: Dodged            ||    10

Levels and vault maps discovered:
D:1:      roderic_octagonal_star, layout_rooms,
          shapermc_ecumenical_altar_acropolis, minmay_tromino_v4_a

Notes
Turn   | Place    | Note
-------+----------+-------------------------------------------
     0 | D:1      | sanka the Naga Transmuter began the quest for the Orb.
     0 | D:1      | Reached XP level 1. HP: 18/18 MP: 3/3
   248 | D:1      | Reached skill level 1 in Poison Magic
   384 | D:1      | Reached XP level 2. HP: 10/25 MP: 3/5
   398 | D:1      | HP: 1/25 [hobgoblin (3)]
   400 | D:1      | Gained mutation: You passively map a small area around you.
                  | [potion of mutation]
   400 | D:1      | Gained mutation: You are clumsy. (Dex -2) [potion of
                  | mutation]
   400 | D:1      | Slain by a bat

Vanquished Creatures
  2 ball pythons (D:1)
  A hobgoblin (D:1)
  A kobold (D:1)
  2 bats (D:1)
  A frilled lizard (D:1)
7 creatures vanquished.
